 Dungeon Crawl Stone Soup version 0.22.1-2-g9c5b331 (webtiles) character file.

3175 xelsha the Skirmisher (level 9, -3/85 HPs)
             Began as a Gargoyle Fighter on Dec 16, 2018.
             Was an Initiate of Gozag.
             Slain by an ogre
             ... wielding a +0 giant club
              (10 damage)
             ... on level 7 of the Dungeon.
             The game lasted 00:33:39 (7323 turns).

xelsha the Skirmisher (Gargoyle Fighter)            Turns: 7323, Time: 00:33:40

Health: -3/85      AC: 24    Str: 21    XL:     9   Next: 95%
Magic:  25/25      EV:  2    Int: 11    God:    Gozag
Gold:   1008       SH:  5    Dex:  9    Spells: 10/18 levels left

rFire    . . .     SeeInvis .   g - +1 spear (venom)
rCold    . . .     Gourm    .   s - +0 buckler
rNeg     + + +     Faith    .   (armour currently unavailable)
rPois    ∞         Spirit   .   (helmet currently unavailable)
rElec    .         Reflect  .   (cloak currently unavailable)
rCorr    .         Harm     .   (gloves currently unavailable)
MR       .....     NoTele   +   (boots currently unavailable)
Stlth    +.........             (no amulet)
HPRegen  0.24/turn              h - ring of magical power
MPRegen  0.19/turn              k - ring of wizardry

@: tree-form
A: negative energy resistance 1, petrification resistance, rot immunity, AC +6
a: Potion Petition, Call Merchant, Bribe Branch, Renounce Religion


You were on level 7 of the Dungeon.
You worshipped Gozag.
Gozag was most pleased with you.
You were not hungry.
You were a tree.
You visited 1 branch of the dungeon, and saw 7 of its levels.

You collected 1477 gold pieces.
You spent 455 gold pieces at shops.
You paid 14 gold pieces to Gozag.

Inventory:

Hand Weapons
 a - a +1 rapier
 g - a +1 spear of venom (weapon)
 l - a +0 dagger of freezing
 F - a +0 whip of freezing
Missiles
 x - a throwing net (quivered)
 A - 16 tomahawks
Armour
 b - a +0 scale mail
 c - a +0 shield
 n - a +0 pair of gloves (melded)
 s - a +0 buckler (worn)
 t - a +1 leather armour of poison resistance (melded)
 v - a +0 large shield
 E - a +2 robe of positive energy
Jewellery
 h - a ring of magical power (left branch)
 k - a ring of wizardry (right branch)
 p - an uncursed ring of protection from cold {unknown}
 J - a +3 ring of dexterity {unknown}
Wands
 q - a wand of polymorph (27)
 w - a wand of random effects (14)
 y - a wand of paralysis (8)
 B - a wand of acid (11)
Scrolls
 e - 3 scrolls of remove curse
 j - a scroll of random uselessness
 o - 7 scrolls of identify
 r - 2 scrolls of amnesia {unknown}
 u - 4 scrolls of teleportation
 G - a scroll of immolation {unknown}
Potions
 d - 2 potions of might
 z - 2 potions of cancellation
 D - 2 potions of magic {unknown}
 H - a potion of brilliance {unknown}
 I - a potion of mutation {unknown}
Comestibles
 f - 7 rations


   Skills:
 + Level 7.1 Fighting
 - Level 4.0 Short Blades
 + Level 4.4 Polearms
 - Level 4.0 Armour
 + Level 7.1 Shields
 + Level 5.1 Spellcasting
 - Level 2.0 Conjurations
 + Level 4.3 Summonings
 - Level 2.1 Translocations


You had 10 spell levels left.
You knew the following spells:

 Your Spells              Type           Power        Failure   Level  Hunger
a - Magic Dart            Conj           #...         3%          1    None
b - Blink                 Tloc           N/A          5%          2    ##.....
c - Call Imp              Summ           ##......     2%          2    ##.....
d - Sandblast             Erth           #.....       9%          1    None
e - Passwall              Tmut/Erth      #.......     13%         2    ##.....

Your spell library contained the following spells:

 Spells                   Type           Power        Failure   Level  Hunger
 Slow                     Hex            #.......     13%         2    ##.....
 Conjure Flame            Conj/Fire      #.......     16%         3    ###....
 Stone Arrow              Conj/Erth      #.....       16%         3    ###....
 Mephitic Cloud           Conj/Pois/Air  #.......     19%         3    ###....
 Petrify                  Tmut/Erth      #.......     61%         4    ####...
 Lee's Rapid Deconstruct  Erth           #.........   90%         5    ######.


Dungeon Overview and Level Annotations

Branches:
Dungeon (7/15)             Temple (0/1) D:5

Altars:
Ashenzari
Gozag
Qazlal
Zin

Shops:
D:4 :


Innate Abilities, Weirdness & Mutations

You are resistant to torment.
((Your stone body is resilient. (AC +6)))
You are immune to poison.
You resist negative energy. (rN+)
((You are resistant to electric shocks. (rElec)))
((You can survive without breathing.))
You are immune to petrification.
You are immune to rotting.


Message History

The ogre is moderately wounded.
The worker ant zombie bites you but does no damage.
You closely miss the ogre.
The ogre is moderately wounded.
The ogre barely misses you.
The worker ant zombie bites you but does no damage.
You barely miss the ogre.
The ogre is moderately wounded.
The ogre hits you with a giant club.
* * * LOW HITPOINT WARNING * * *
The worker ant zombie bites you but does no damage.
Wield which item (- for none, * to show all)? (? for menu, Esc to quit)
Your +1 spear of venom begins to drip with poison!
g - a +1 spear of venom (weapon)
You hit the ogre but do no damage.
The ogre is poisoned.
The ogre is moderately wounded.
The worker ant zombie bites you but does no damage.
The ogre hits you with a giant club!
You die...
Your body crumbles into a pile of gold.

..)....#.#..# $..#
####.....#.##....#
.................#
....##..###.## #.##
.#####.####.# ##..
######>.....# #..# #
#....########..######. $
##.M.####.......O......
##.........####.♣####.##
....o########..Z$#
#.o.#########.##.#
#.####........##.# #!#
#......####.# ..#
##......# #.. .##
#.......# ...
o####.......# ..######
............##.#>#....#


You could see an ogre and a worker ant zombie.

Vanquished Creatures
  Pikel (D:6)
  Prince Ribbit (D:7)
  Menkaure (D:7)
  An orc warrior (D:7)
  An ice beast (D:4)
  2 sky beasts (D:6)
  A black bear (D:7)
  A phantom (D:6)
  5 ogres
  A centaur (D:5)
  A crocodile (D:7)
  A bullfrog (D:6)
  3 scorpions
  4 crimson imps
  3 bullfrog skeletons
  A gnoll shaman (D:6)
  4 hounds
  An orc priest (D:4)
  4 jellies
  5 orc wizards
  A centaur skeleton (D:5)
  Ijyb (D:5)
  2 iguanas
  3 worker ants (D:5)
  A killer bee zombie (D:7)
  2 worker ant zombies
  3 adders
  5 gnolls (D:6)
  10 oozes
  An adder zombie (D:7)
  An adder skeleton (D:4)
  3 worms
  3 dart slugs
  3 leopard geckos
  17 orcs
  4 giant cockroaches
  13 goblins
  10 hobgoblins
  5 jackals
  2 quokkas
  2 ball pythons (D:5)
  6 bats
  2 frilled lizards
  A giant cockroach zombie (D:6)
  15 kobolds
  2 leopard gecko zombies
  2 quokka skeletons
  8 rats
170 creatures vanquished.

Vanquished Creatures (others)
  3 slaves (D:6)
  An iguana (D:6)
  3 gnolls (D:6)
  4 orcs (D:6)
  A fungus (D:4)
  4 toadstools (D:4)
16 creatures vanquished.

Grand Total: 186 creatures vanquished

Notes
Turn   | Place    | Note
-------+----------+-------------------------------------------
     0 | D:1      | xelsha the Gargoyle Fighter began the quest for the Orb.
     0 | D:1      | Reached XP level 1. HP: 14/14 MP: 1/1
   226 | D:1      | Reached XP level 2. HP: 19/19 MP: 2/2
   231 | D:1      | You fall through a shaft!
   252 | D:2      | Found an opulent altar of Gozag.
   339 | D:2      | Became a worshipper of Gozag Ym Sagoz the Greedy
   589 | D:2      | Reached XP level 3. HP: 20/23 MP: 3/3
  1198 | D:1      | Reached skill level 1 in Spellcasting
  1561 | D:3      | Found a shattered altar of Ashenzari.
  1634 | D:3      | Reached XP level 4. HP: 27/28 MP: 5/5
  1823 | D:3      | Found a glowing silver altar of Zin.
  2033 | D:3      | Reached XP level 5. HP: 15/33 MP: 5/7
  2069 | D:3      | HP: 2/49 [something/puff of flame (9)]
  2429 | D:3      | Learned a level 1 spell: Magic Dart
  2432 | D:3      | Learned a level 2 spell: Blink
  2632 | D:4      | Reached XP level 6. HP: 27/38 MP: 8/8
  2946 | D:4      | Reached skill level 1 in Conjurations
  2960 | D:4      | Reached skill level 1 in Translocations
  3108 | D:4      | Found Meemm's Book Boutique.
  3134 | D:4      | Bought a book of Geomancy for 455 gold pieces
  3137 | D:4      | Learned a level 2 spell: Call Imp
  3139 | D:4      | Learned a level 1 spell: Sandblast
  3142 | D:4      | Learned a level 2 spell: Passwall
  3387 | D:4      | Reached XP level 7. HP: 42/44 MP: 10/10
  3514 | D:5      | Entered Level 5 of the Dungeon
  3762 | D:4      | Reached skill level 1 in Summonings
  4174 | D:4      | Reached skill level 1 in Polearms
  4389 | D:4      | Reached skill level 5 in Fighting
  4389 | D:4      | Reached skill level 5 in Shields
  4389 | D:4      | Reached XP level 8. HP: 24/49 MP: 12/12
  4603 | D:5      | Noticed Ijyb
  4610 | D:5      | Killed Ijyb
  4623 | D:5      | Found a staircase to the Ecumenical Temple.
  5698 | D:6      | Noticed Pikel
  5722 | D:6      | Reached XP level 9. HP: 24/55 MP: 15/15
  5727 | D:6      | Killed Pikel
  6621 | D:6      | Found a stormy altar of Qazlal.
  6691 | D:7      | Noticed Prince Ribbit
  6713 | D:7      | Killed Prince Ribbit
  6872 | D:7      | Noticed Menkaure
  6976 | D:7      | Reached skill level 5 in Spellcasting
  7301 | D:7      | HP: 2/57 [Menkaure/nerve-wracking pain (6)]
  7317 | D:7      | Killed Menkaure
  7323 | D:7      | Slain by an ogre

Skill      XL: |  1  2  3  4  5  6  7  8  9 |
---------------+----------------------------+-----
Short Blades   | 2 3 4 |  4.0
Spellcasting   | 1 2 4 5 |  5.1
Shields        | 4 5 6 7 |  7.1
Armour         | 4 |  4.0
Fighting       | 4 5 6 7 |  7.1
Conjurations   | 1 2 |  2.0
Translocations | 1 2 |  2.1
Summonings     | 1 3 4 |  4.3
Polearms       | 1 3 4 |  4.4

Action                   |  1- 3 |  4- 6 |  7- 9 || total
-------------------------+-------+-------+-------++-------
Melee: Rapier            |   183 |   239 |    12 ||   434
       Spear             |       |    17 |   410 ||   427
       Unarmed           |       |       |     6 ||     6
 Cast: Call Imp          |       |     2 |       ||     2
       Passwall          |       |       |     1 ||     1
  Use: Potion            |       |     4 |     5 ||     9
       Scroll            |       |     2 |     6 ||     8
 Stab: Distracted        |       |       |     1 ||     1
  Eat: Ration            |     1 |     2 |     3 ||     6
       Chunk             |       |       |     2 ||     2
Armor: Scale mail        |    67 |    56 |       ||   123
       Skin              |       |    25 |    14 ||    39
       Leather armour    |       |    41 |   139 ||   180
Dodge: Dodged            |    55 |   114 |   199 ||   368
Block: Shield            |    88 |    54 |       ||   142
       Buckler           |       |    36 |    80 ||   116
